Blackhawks vs Stars
Created - February 22, 2023 at 19:53
Goals
|
| Blackhawks |
0 |
0 |
2 |
2 |
| Stars |
2 |
0 |
2 |
4 |
|
Shots
|
| Blackhawks |
7 |
7 |
8 |
22 |
| Stars |
19 |
4 |
10 |
33 |
|
1st period
1. Stars , Michael Grabner 21 (John Tavares 30, Guillaume Latendresse 22) at 7:44
2. Stars , Michael Grabner 22 (Guillaume Latendresse 23, John Tavares 31) at 14:58
Penalties :
Radko Gudas (Chi) for Interference (Minor) at 9:19, Johnny Gaudreau (Chi) for Hooking (Minor) at 15:22
2nd period
No Goal
Penalties :
Derek Roy (Chi) for High sticking (Minor) at 0:53, Andrew Ladd (Dal) for Tripping (Minor) at 8:05
3rd period
3. Blackhawks , Antoine Roussel 14 (Corey Perry 9, Derek Roy 22) at 1:28
4. Stars , Evgeny Grachev 8 (Brian Lee 32) at 5:40
5. Blackhawks , Antoine Roussel 15 (Johnny Gaudreau 29, Jamie McBain 24) at 13:52 (SH)
6. Stars , Cam Atkinson 5 (John Tavares 32, Boris Valabik 9) at 19:36 (Empty Net)
Penalties :
Nick Bonino (Chi) for Hooking (Minor) at 13:40
Goalie Stats
Tuukka Rask (Chi), 29 saves from 32 shots - (0.906), L, 21-18-3, 59:41 minutes
Matt Murray (Dal), 20 saves from 22 shots - (0.909), W, 20-15-4, 60:00 minutes
Players Stats for Blackhawks
Player Name G A P +/- PIM S H SB GA TA FO MP PP MP PK MP
------------------------------------------------------------------------------------
Antoine Roussel 2 0 2 1 0 2 3 1 0 0 0/0 19:16 0:59 5:00
Ben Harpur 0 0 0 1 0 0 0 1 0 1 0/0 14:42 0:42 1:35
Blake Wheeler 0 0 0 0 0 0 0 0 0 0 0/0 10:16 0:00 0:00
Brett Maclean 0 0 0 0 0 1 0 0 0 0 0/0 11:22 0:00 0:54
Calvin de Haan 0 0 0 1 0 0 0 0 0 0 0/0 13:07 0:42 0:00
Corey Perry 0 1 1 0 0 3 2 0 0 1 2/2 14:28 0:59 0:00
Derek Roy 0 1 1 0 2 1 1 0 1 0 6/12 15:31 0:59 0:39
Jakob Silfverberg 0 0 0 -3 0 1 0 1 1 1 0/1 20:28 1:00 2:02
James Wright 0 0 0 0 0 3 1 0 1 0 2/7 11:51 0:00 1:35
Jamie McBain 0 1 1 -1 0 1 0 2 0 3 0/0 26:37 1:17 5:22
Johnny Gaudreau 0 1 1 -2 2 3 0 0 0 0 4/7 21:21 1:00 3:40
Jordan Staal 0 0 0 -3 0 1 1 0 1 0 9/20 20:28 1:00 2:02
Mike Amadio 0 0 0 0 0 0 1 0 0 0 0/0 8:54 0:00 0:00
Nick Bonino 0 0 0 0 2 4 0 0 0 0 2/3 8:55 0:00 0:00
Radko Gudas 0 0 0 -2 2 0 1 3 0 0 0/0 25:54 1:17 3:47
Raphael Diaz 0 0 0 -2 0 0 2 0 0 2 0/0 20:16 0:00 2:34
Sean Zimmerman 0 0 0 -1 0 1 4 0 0 1 0/0 19:39 0:00 2:34
Stefan Matteau 0 0 0 0 0 1 0 0 0 0 0/0 8:54 0:00 0:00
Players Stats for Stars
Player Name G A P +/- PIM S H SB GA TA FO MP PP MP PK MP
------------------------------------------------------------------------------------
Alex Chiasson 0 0 0 0 0 2 0 2 0 0 0/1 17:11 3:42 0:00
Andrew Ladd 0 0 0 0 2 0 1 0 1 0 0/1 17:54 3:42 0:00
Anton Cederholm 0 0 0 0 0 0 1 2 0 0 0/0 14:54 0:00 1:06
Boris Valabik 0 1 1 2 0 2 2 0 1 1 0/0 25:55 5:21 0:53
Brian Lee 0 1 1 2 0 4 2 0 0 0 0/0 25:54 5:21 0:53
Cam Atkinson 1 0 1 1 0 1 0 1 0 1 0/0 12:47 0:00 0:00
Cory Emmerton 0 0 0 0 0 0 0 0 0 0 1/3 11:57 0:00 0:00
Evgeny Grachev 1 0 1 0 0 5 3 0 1 0 7/9 17:47 3:42 0:59
Evgeny Kuznetsov 0 0 0 0 0 0 0 0 1 0 0/1 8:05 0:00 0:00
Guillaume Latendresse 0 2 2 2 0 5 1 0 0 1 0/1 21:43 4:14 1:00
John Tavares 0 3 3 2 0 3 1 1 1 0 17/34 21:44 4:14 1:00
Jonathan Drouin 0 0 0 0 0 1 3 0 1 0 1/1 8:27 0:00 0:59
Michael Grabner 2 0 2 1 0 9 1 1 0 0 1/1 20:37 4:14 0:00
Paul Ladue 0 0 0 0 0 1 0 0 0 0 0/0 18:58 2:35 0:00
Scott Kosmachuck 0 0 0 0 0 0 0 1 0 1 0/0 7:54 0:00 0:00
Tobias Rieder 0 0 0 0 0 0 1 0 1 0 0/0 12:25 0:00 0:00
Tyler Wotherspoon 0 0 0 0 0 0 2 0 1 0 0/0 18:59 2:35 0:00
Tyson Barrie 0 0 0 0 0 0 0 3 1 0 0/0 14:49 0:00 1:06
3 Stars
1 - Michael Grabner (Dal)
2 - Antoine Roussel (Chi)
3 - John Tavares (Dal)
Power Play
Blackhawks - 0 on 1 Attempt(s) - 0.00%
Stars - 0 on 5 Attempt(s) - 0.00%
Penalty Kill
Blackhawks - 5 on 5 Attempt(s) - 100.00%
- Score 1 goal in Penalty Kill
Stars - 1 on 1 Attempt(s) - 100.00%
- Score 0 goal in Penalty Kill
Team Stat
Blackhawks - Hits : 16 - Faceoff Wins : 25 - Blocked Shots : 8 - Penalty Minutes : 8
Stars - Hits : 18 - Faceoff Wins : 27 - Blocked Shots : 11 - Penalty Minutes : 2
Official
Referees : Furman South and Gord Dwyer
Linesman : Brian Mach and Steve Miller
Game Notes
8:08 of 1st period - Penalty Shot by Jakob Silfverberg for Blackhawks - Stopped by Matt Murray
Cam Atkinson has scored in a empty net!
Finance
Level 1 -- Attendance: 6000 (100.00%) -- Ticket Income $600,000
Level 2 -- Attendance: 4852 (97.04%) -- Ticket Income $291,120
Level 3 -- Attendance: 1838 (91.90%) -- Ticket Income $64,330
Level 4 -- Attendance: 4000 (100.00%) -- Ticket Income $100,000
Luxury Box -- Attendance: 1000 (100.00%) -- Ticket Income $200,000
Game was played at the American Airlines Center.
Total Attendance: 17690 (98.28%)
Total Ticket Income: $1,255,450
Other Income: $188,318
Total Income: $1,443,768
Blackhawks
5 vs 5 Forward
Center Left Wing Right Wing Time % Phy DF OF
1 Jordan Staal Johnny Gaudreau Jakob Silfverberg 40 1 2 2
2 Derek Roy Antoine Roussel Corey Perry 30 1 2 2
3 James Wright Brett Maclean Blake Wheeler 20 1 2 2
4 Nick Bonino Stefan Matteau Mike Amadio 10 1 2 2
5 vs 5 Defense
Defense Defense Time % Phy DF OF
1 Radko Gudas Jamie McBain 40 1 2 2
2 Raphael Diaz Sean Zimmerman 30 1 2 2
3 Calvin de Haan Ben Harpur 20 1 2 2
4 Radko Gudas Jamie McBain 10 1 2 2
PowerPlay Forward
Center Left Wing Right Wing Time % Phy DF OF
1 Jordan Staal Johnny Gaudreau Jakob Silfverberg 60 1 2 2
2 Derek Roy Antoine Roussel Corey Perry 40 1 2 2
PowerPlay Defense
Defense Defense Time % Phy DF OF
1 Radko Gudas Jamie McBain 60 1 2 2
2 Raphael Diaz Sean Zimmerman 40 1 2 2
Penalty Kill 4 Players Forward
Center Wing Time % Phy DF OF
1 Johnny Gaudreau Antoine Roussel 60 1 2 2
2 Jordan Staal Jakob Silfverberg 40 1 2 2
Penalty Kill 4 Players Defense
Defense Defense Time % Phy DF OF
1 Radko Gudas Jamie McBain 60 1 2 2
2 Raphael Diaz Sean Zimmerman 40 1 2 2
Penalty Kill - 3 Players Forward
Forward Time % Phy DF OF
1 Johnny Gaudreau 60 1 2 2
2 Antoine Roussel 40 1 2 2
Penalty Kill - 3 Players Defense
Defense Defense Time % Phy DF OF
1 Radko Gudas Jamie McBain 60 1 2 2
2 Raphael Diaz Sean Zimmerman 40 1 2 2
4 vs 4 Forward
Center Wing Time % Phy DF OF
1 Johnny Gaudreau Antoine Roussel 60 1 2 2
2 Jordan Staal Jakob Silfverberg 40 1 2 2
4 vs 4 Defense
Defense Defense Time % Phy DF OF
1 Radko Gudas Jamie McBain 60 1 2 2
2 Raphael Diaz Sean Zimmerman 40 1 2 2
Last Minutes Offensive
Center Left Wing Right Wing Defense Defense
Jordan Staal Johnny Gaudreau Jakob Silfverberg Radko Gudas Jamie McBain
Last Minutes Defensive
Center Left Wing Right Wing Defense Defense
Jordan Staal Johnny Gaudreau Jakob Silfverberg Radko Gudas Jamie McBain
Goaltenders
Starting : Tuukka Rask
Backup : Joe Cannata
Extra Forwards
Normal : Brett Maclean, Blake Wheeler, James Wright - PP : Brett Maclean, Blake Wheeler - PK : James Wright
Extra Defensemen
Normal : Calvin de Haan, Ben Harpur, Raphael Diaz - PP : Calvin de Haan - PK : Ben Harpur, Raphael Diaz
Penalty Shots
Johnny Gaudreau, Antoine Roussel, Jordan Staal, Jakob Silfverberg, Corey Perry
Scratches
Petter Granberg (Healthy)
Stars
5 vs 5 Forward
Center Left Wing Right Wing Time % Phy DF OF
1 John Tavares Guillaume Latendresse Michael Grabner 40 1 2 2
2 Evgeny Grachev Andrew Ladd Alex Chiasson 30 1 2 2
3 Cory Emmerton Tobias Rieder Cam Atkinson 20 1 2 2
4 Evgeny Kuznetsov Jonathan Drouin Scott Kosmachuck 10 1 2 2
5 vs 5 Defense
Defense Defense Time % Phy DF OF
1 Boris Valabik Brian Lee 40 1 2 2
2 Paul Ladue Tyler Wotherspoon 30 1 2 2
3 Tyson Barrie Anton Cederholm 20 1 2 2
4 Boris Valabik Brian Lee 10 1 2 2
PowerPlay Forward
Center Left Wing Right Wing Time % Phy DF OF
1 John Tavares Guillaume Latendresse Michael Grabner 60 0 2 3
2 Evgeny Grachev Andrew Ladd Alex Chiasson 40 0 2 3
PowerPlay Defense
Defense Defense Time % Phy DF OF
1 Boris Valabik Brian Lee 60 1 2 2
2 Paul Ladue Tyler Wotherspoon 40 1 2 2
Penalty Kill 4 Players Forward
Center Wing Time % Phy DF OF
1 John Tavares Guillaume Latendresse 60 1 2 2
2 Evgeny Grachev Andrew Ladd 40 1 2 2
Penalty Kill 4 Players Defense
Defense Defense Time % Phy DF OF
1 Boris Valabik Brian Lee 60 0 3 2
2 Paul Ladue Tyler Wotherspoon 40 0 3 2
Penalty Kill - 3 Players Forward
Forward Time % Phy DF OF
1 John Tavares 60 1 2 2
2 Evgeny Grachev 40 1 2 2
Penalty Kill - 3 Players Defense
Defense Defense Time % Phy DF OF
1 Boris Valabik Brian Lee 60 0 3 2
2 Paul Ladue Tyler Wotherspoon 40 0 3 2
4 vs 4 Forward
Center Wing Time % Phy DF OF
1 John Tavares Guillaume Latendresse 60 0 2 3
2 Evgeny Grachev Andrew Ladd 40 0 2 3
4 vs 4 Defense
Defense Defense Time % Phy DF OF
1 Boris Valabik Brian Lee 60 1 2 2
2 Paul Ladue Tyler Wotherspoon 40 1 2 2
Last Minutes Offensive
Center Left Wing Right Wing Defense Defense
John Tavares Guillaume Latendresse Michael Grabner Boris Valabik Brian Lee
Last Minutes Defensive
Center Left Wing Right Wing Defense Defense
John Tavares Guillaume Latendresse Michael Grabner Boris Valabik Brian Lee
Goaltenders
Starting : Matt Murray
Backup : Jhonas Enroth
Extra Forwards
Normal : Andrew Ladd, Cam Atkinson, Tobias Rieder - PP : Andrew Ladd, Cam Atkinson - PK : Andrew Ladd
Extra Defensemen
Normal : Tyler Wotherspoon, Tyson Barrie, Anton Cederholm - PP : Tyler Wotherspoon - PK : Tyler Wotherspoon, Tyson Barrie
Penalty Shots
John Tavares, Michael Grabner, Guillaume Latendresse, Alex Chiasson, Andrew Ladd
Scratches
Andrej Sustr (Right Knee Injury), Tyler Brenner (Healthy)
% Time on Ice - Blackhawks
Lines # - Real PCT - Wanted PCT - Time Play
Normal Forward
1 - 32% - 40% - 15:59
2 - 29% - 30% - 14:14
3 - 21% - 20% - 10:16
4 - 18% - 10% - 8:54
Normal Defense
1 - 36% - 40% - 17:54
2 - 35% - 30% - 17:09
3 - 25% - 20% - 12:21
4 - 4% - 10% - 1:59
PP Forward
1 - 50% - 60% - 1:00
2 - 50% - 40% - 0:59
PP Defense
1 - 65% - 60% - 1:17
2 - 35% - 40% - 0:42
PK Forward
1 - 74% - 60% - 5:54
2 - 26% - 40% - 2:02
PK Defense
1 - 68% - 60% - 5:22
2 - 32% - 40% - 2:34
PK3 Forward
1 - 0% - 60%
2 - 0% - 40%
PK3 Defense
1 - 0% - 60%
2 - 0% - 40%
44 Forward
1 - 0% - 60%
2 - 0% - 40%
44 Defense
1 - 0% - 60%
2 - 0% - 40%
Last Minute Offensive - 0:42
Last Minute Defensive - 0:00
Total
Forward - 60:00
Defense - 60:00
|
% Time on Ice - Stars
Lines # - Real PCT - Wanted PCT - Time Play
Normal Forward
1 - 33% - 40% - 16:18
2 - 27% - 30% - 13:16
3 - 24% - 20% - 11:54
4 - 16% - 10% - 7:54
Normal Defense
1 - 35% - 40% - 17:29
2 - 34% - 30% - 16:36
3 - 28% - 20% - 13:43
4 - 3% - 10% - 1:34
PP Forward
1 - 53% - 60% - 4:14
2 - 47% - 40% - 3:42
PP Defense
1 - 67% - 60% - 5:21
2 - 33% - 40% - 2:35
PK Forward
1 - 76% - 60% - 1:31
2 - 24% - 40% - 0:28
PK Defense
1 - 100% - 60% - 1:59
2 - 0% - 40% - 0:00
PK3 Forward
1 - 0% - 60%
2 - 0% - 40%
PK3 Defense
1 - 0% - 60%
2 - 0% - 40%
44 Forward
1 - 0% - 60%
2 - 0% - 40%
44 Defense
1 - 0% - 60%
2 - 0% - 40%
Last Minute Offensive - 0:00
Last Minute Defensive - 0:43
Total
Forward - 60:00
Defense - 60:00
|
Play-by-Play
1st period
0:01 of 1st period - John Tavares wins face-off versus Jordan Staal in neutral zone.
0:04 of 1st period - Slapshot by Michael Grabner.
0:04 of 1st period - Shot Blocked by Jamie McBain.
0:06 of 1st period - Snap shot by John Tavares.
0:06 of 1st period - Shot Misses the Net.
0:26 of 1st period - Jamie McBain is hit by Boris Valabik and loses puck.
1:17 of 1st period - Snap shot by Stefan Matteau.
1:17 of 1st period - Stopped by Matt Murray with a rebound.
1:28 of 1st period - Off-side.
1:29 of 1st period - Derek Roy wins face-off versus John Tavares in neutral zone.
1:56 of 1st period - Sean Zimmerman is hit by Boris Valabik and loses puck.
2:47 of 1st period - Stefan Matteau is hit by Jonathan Drouin and loses puck.
3:00 of 1st period - Guillaume Latendresse is hit by Antoine Roussel and loses puck.
3:44 of 1st period - Wrist shot by Cam Atkinson.
3:44 of 1st period - Shot Misses the Net.
3:46 of 1st period - Slapshot by Brian Lee.
3:46 of 1st period - Stopped by Tuukka Rask with a rebound.
3:48 of 1st period - Wrist shot by Tobias Rieder.
3:48 of 1st period - Shot Misses the Net.
4:06 of 1st period - Backhand shot by Nick Bonino.
4:06 of 1st period - Shot Blocked by Scott Kosmachuck.
4:24 of 1st period - Off-side.
4:25 of 1st period - John Tavares wins face-off versus Derek Roy in neutral zone.
4:28 of 1st period - Snap shot by Guillaume Latendresse.
4:28 of 1st period - Stopped by Tuukka Rask with a rebound.
4:58 of 1st period - Wrist shot by Tobias Rieder.
4:58 of 1st period - Shot Misses the Net.
5:00 of 1st period - Wrist shot by Cam Atkinson.
5:00 of 1st period - Shot Blocked by Radko Gudas.
6:20 of 1st period - Snap shot by Jakob Silfverberg.
6:20 of 1st period - Stopped by Matt Murray with a rebound.
6:22 of 1st period - Slapshot by Jamie McBain.
6:22 of 1st period - Deflect By Johnny Gaudreau.
6:22 of 1st period - Shot Misses the Net.
6:22 of 1st period - Puck is out of play.
6:23 of 1st period - Jordan Staal wins face-off versus John Tavares in Stars zone.
6:36 of 1st period - Snap shot by Jakob Silfverberg.
6:36 of 1st period - Shot Misses the Net.
7:10 of 1st period - Icing by Evgeny Grachev.
7:11 of 1st period - Cory Emmerton wins face-off versus James Wright in Stars zone.
7:36 of 1st period - Off-side.
7:37 of 1st period - John Tavares wins face-off versus Jordan Staal in neutral zone.
7:42 of 1st period - Snap shot by Michael Grabner.
7:42 of 1st period - Stopped by Tuukka Rask with a rebound.
7:44 of 1st period - Snap shot by Michael Grabner.
7:44 of 1st period - Goal by Michael Grabner - Blackhawks : 0 - Stars : 1.
7:45 of 1st period - John Tavares wins face-off versus Jordan Staal in neutral zone.
7:54 of 1st period - Wrist shot by Michael Grabner.
7:54 of 1st period - Shot Misses the Net.
7:56 of 1st period - Snap shot by Guillaume Latendresse.
7:56 of 1st period - Stopped by Tuukka Rask with a rebound.
7:58 of 1st period - Slapshot by Michael Grabner.
7:58 of 1st period - Shot Misses the Net.
8:08 of 1st period - Penalty Shot by Jakob Silfverberg for Blackhawks.
8:08 of 1st period - Snap shot by Jakob Silfverberg.
8:08 of 1st period - Stopped by Matt Murray.
8:09 of 1st period - Evgeny Grachev wins face-off versus Derek Roy in Blackhawks zone.
8:26 of 1st period - Snap shot by Derek Roy.
8:26 of 1st period - Shot Misses the Net.
9:09 of 1st period - Slapshot by Evgeny Grachev.
9:09 of 1st period - Stopped by Tuukka Rask without a rebound.
9:10 of 1st period - John Tavares wins face-off versus Jordan Staal in Blackhawks zone.
9:17 of 1st period - Snap shot by John Tavares.
9:17 of 1st period - Stopped by Tuukka Rask with a rebound.
9:19 of 1st period - Minor Penalty to Radko Gudas for Interference.
9:20 of 1st period - John Tavares wins face-off versus Johnny Gaudreau in Blackhawks zone.
9:21 of 1st period - Snap shot by Guillaume Latendresse.
9:21 of 1st period - Stopped by Tuukka Rask with a rebound.
9:35 of 1st period - Snap shot by Michael Grabner.
9:35 of 1st period - Shot Misses the Net.
9:37 of 1st period - Snap shot by Guillaume Latendresse.
9:37 of 1st period - Stopped by Tuukka Rask without a rebound.
9:38 of 1st period - Evgeny Grachev wins face-off versus Johnny Gaudreau in Blackhawks zone.
9:47 of 1st period - Slapshot by Brian Lee.
9:47 of 1st period - Stopped by Tuukka Rask without a rebound.
9:48 of 1st period - Evgeny Grachev wins face-off versus Johnny Gaudreau in Blackhawks zone.
10:22 of 1st period - Off-side.
10:23 of 1st period - John Tavares wins face-off versus Jordan Staal in neutral zone.
10:36 of 1st period - Snap shot by Michael Grabner.
10:36 of 1st period - Stopped by Tuukka Rask without a rebound.
10:37 of 1st period - Johnny Gaudreau wins face-off versus John Tavares in Blackhawks zone.
11:19 of 1st period - Penalty to Radko Gudas is over, Radko Gudas is back on ice.
11:41 of 1st period - Snap shot by James Wright.
11:41 of 1st period - Stopped by Matt Murray without a rebound.
11:42 of 1st period - James Wright wins face-off versus Cory Emmerton in Stars zone.
12:11 of 1st period - Snap shot by Michael Grabner.
12:11 of 1st period - Shot Blocked by Radko Gudas.
12:17 of 1st period - Wrist shot by Jordan Staal.
12:17 of 1st period - Stopped by Matt Murray without a rebound.
12:18 of 1st period - Derek Roy wins face-off versus John Tavares in Stars zone.
13:31 of 1st period - Wrist shot by Tobias Rieder.
13:31 of 1st period - Shot Misses the Net.
13:51 of 1st period - Jordan Staal is hit by Brian Lee and loses puck.
14:15 of 1st period - Slapshot by Evgeny Grachev.
14:15 of 1st period - Stopped by Tuukka Rask without a rebound.
14:16 of 1st period - Evgeny Grachev wins face-off versus Derek Roy in Blackhawks zone.
14:46 of 1st period - Slapshot by Sean Zimmerman.
14:46 of 1st period - Stopped by Matt Murray without a rebound.
14:47 of 1st period - John Tavares wins face-off versus Nick Bonino in Stars zone.
14:52 of 1st period - Wrist shot by Michael Grabner.
14:52 of 1st period - Stopped by Tuukka Rask without a rebound.
14:53 of 1st period - John Tavares wins face-off versus Derek Roy in Blackhawks zone.
14:56 of 1st period - Snap shot by Michael Grabner.
14:56 of 1st period - Stopped by Tuukka Rask with a rebound.
14:58 of 1st period - Snap shot by Guillaume Latendresse.
14:58 of 1st period - Deflect By Michael Grabner.
14:58 of 1st period - Goal by Michael Grabner - Blackhawks : 0 - Stars : 2.
14:59 of 1st period - Corey Perry wins face-off versus John Tavares in neutral zone.
15:10 of 1st period - Wrist shot by Michael Grabner.
15:10 of 1st period - Stopped by Tuukka Rask with a rebound.
15:12 of 1st period - Slapshot by Boris Valabik.
15:12 of 1st period - Stopped by Tuukka Rask without a rebound.
15:13 of 1st period - Jordan Staal wins face-off versus John Tavares in Blackhawks zone.
15:13 of 1st period - Jordan Staal is hit by John Tavares.
15:22 of 1st period - Minor Penalty to Johnny Gaudreau for Hooking.
15:23 of 1st period - Michael Grabner wins face-off versus James Wright in Blackhawks zone.
15:39 of 1st period - Slapshot by James Wright.
15:39 of 1st period - Shot Blocked by Michael Grabner.
15:50 of 1st period - Icing by Michael Grabner.
15:51 of 1st period - Evgeny Grachev wins face-off versus Derek Roy in Stars zone.
15:51 of 1st period - Evgeny Grachev is hit by Raphael Diaz.
15:59 of 1st period - Snap shot by Evgeny Grachev.
15:59 of 1st period - Stopped by Tuukka Rask with a rebound.
16:01 of 1st period - Slapshot by Brian Lee.
16:01 of 1st period - Stopped by Tuukka Rask without a rebound.
16:02 of 1st period - James Wright wins face-off versus John Tavares in Blackhawks zone.
16:02 of 1st period - James Wright is hit by Tyler Wotherspoon.
17:22 of 1st period - Penalty to Johnny Gaudreau is over, Johnny Gaudreau is back on ice.
17:34 of 1st period - Cory Emmerton is hit by Mike Amadio and loses puck.
18:25 of 1st period - Snap shot by James Wright.
18:25 of 1st period - Shot Blocked by Tyson Barrie.
18:27 of 1st period - Wrist shot by Blake Wheeler.
18:27 of 1st period - Shot Misses the Net.
18:29 of 1st period - Slapshot by Brett Maclean.
18:29 of 1st period - Shot Misses the Net.
18:31 of 1st period - Snap shot by James Wright.
18:31 of 1st period - Stopped by Matt Murray without a rebound.
18:32 of 1st period - Derek Roy wins face-off versus John Tavares in Stars zone.
18:35 of 1st period - Snap shot by Antoine Roussel.
18:35 of 1st period - Shot Misses the Net.
18:51 of 1st period - Guillaume Latendresse is hit by Antoine Roussel and loses puck.
19:08 of 1st period - Wrist shot by Brett Maclean.
19:08 of 1st period - Deflect By Andrew Ladd.
19:08 of 1st period - Stopped by Matt Murray with a rebound.
19:10 of 1st period - Snap shot by Blake Wheeler.
19:10 of 1st period - Shot Misses the Net.
19:30 of 1st period - Slapshot by Jakob Silfverberg.
19:30 of 1st period - Shot Blocked by Tyson Barrie.
19:32 of 1st period - Wrist shot by Jakob Silfverberg.
19:32 of 1st period - Shot Misses the Net.
19:54 of 1st period - Off-side.
19:55 of 1st period - Nick Bonino wins face-off versus John Tavares in neutral zone.
Goals for this period are 0 for Blackhawks vs 2 for Stars.
Shots for this period are 7 for Blackhawks vs 19 for Stars.
2nd period
0:01 of 2nd period - John Tavares wins face-off versus Jordan Staal in neutral zone.
0:34 of 2nd period - Wrist shot by Michael Grabner.
0:34 of 2nd period - Stopped by Tuukka Rask without a rebound.
0:35 of 2nd period - Corey Perry wins face-off versus Evgeny Grachev in Blackhawks zone.
0:53 of 2nd period - Minor Penalty to Derek Roy for High sticking.
0:54 of 2nd period - Johnny Gaudreau wins face-off versus John Tavares in Blackhawks zone.
2:53 of 2nd period - Penalty to Derek Roy is over, Derek Roy is back on ice.
3:17 of 2nd period - Icing by Jakob Silfverberg.
3:18 of 2nd period - Jordan Staal wins face-off versus Evgeny Kuznetsov in Blackhawks zone.
3:25 of 2nd period - Snap shot by Jonathan Drouin.
3:25 of 2nd period - Deflect By Scott Kosmachuck.
3:25 of 2nd period - Shot Misses the Net.
3:25 of 2nd period - Puck is out of play.
3:26 of 2nd period - John Tavares wins face-off versus James Wright in Blackhawks zone.
3:27 of 2nd period - Snap shot by Michael Grabner.
3:27 of 2nd period - Shot Blocked by Jamie McBain.
3:37 of 2nd period - Wrist shot by James Wright.
3:37 of 2nd period - Stopped by Matt Murray without a rebound.
3:38 of 2nd period - Jordan Staal wins face-off versus John Tavares in Stars zone.
4:07 of 2nd period - Snap shot by Alex Chiasson.
4:07 of 2nd period - Stopped by Tuukka Rask with a rebound.
4:38 of 2nd period - Radko Gudas is hit by Tyler Wotherspoon and loses puck.
4:57 of 2nd period - Slapshot by Raphael Diaz.
4:57 of 2nd period - Shot Misses the Net.
5:07 of 2nd period - Paul Ladue is hit by Raphael Diaz and loses puck.
5:35 of 2nd period - Wrist shot by Nick Bonino.
5:35 of 2nd period - Shot Misses the Net.
5:43 of 2nd period - Paul Ladue is hit by Sean Zimmerman and loses puck.
7:26 of 2nd period - Off-side.
7:27 of 2nd period - John Tavares wins face-off versus Jordan Staal in neutral zone.
7:58 of 2nd period - Wrist shot by Derek Roy.
7:58 of 2nd period - Shot Misses the Net.
8:00 of 2nd period - Snap shot by Corey Perry.
8:00 of 2nd period - Shot Blocked by Alex Chiasson.
8:05 of 2nd period - Minor Penalty to Andrew Ladd for Tripping.
8:06 of 2nd period - John Tavares wins face-off versus Jordan Staal in Stars zone.
8:20 of 2nd period - Snap shot by Johnny Gaudreau.
8:20 of 2nd period - Shot Misses the Net.
8:22 of 2nd period - Snap shot by Johnny Gaudreau.
8:22 of 2nd period - Stopped by Matt Murray with a rebound.
8:53 of 2nd period - Boris Valabik is hit by Jordan Staal.
10:05 of 2nd period - Penalty to Andrew Ladd is over, Andrew Ladd is back on ice.
10:22 of 2nd period - Blake Wheeler is hit by Andrew Ladd and loses puck.
12:24 of 2nd period - Nick Bonino is hit by Evgeny Grachev and loses puck.
14:06 of 2nd period - Icing by Sean Zimmerman.
14:07 of 2nd period - Derek Roy wins face-off versus Evgeny Grachev in Blackhawks zone.
14:29 of 2nd period - Scott Kosmachuck is hit by Sean Zimmerman and loses puck.
14:53 of 2nd period - Snap shot by Corey Perry.
14:53 of 2nd period - Shot Blocked by Cam Atkinson.
16:01 of 2nd period - Snap shot by Corey Perry.
16:01 of 2nd period - Stopped by Matt Murray with a rebound.
16:42 of 2nd period - Snap shot by Johnny Gaudreau.
16:42 of 2nd period - Stopped by Matt Murray with a rebound.
17:14 of 2nd period - Slapshot by Corey Perry.
17:14 of 2nd period - Stopped by Matt Murray without a rebound.
17:15 of 2nd period - Derek Roy wins face-off versus Alex Chiasson in Stars zone.
17:16 of 2nd period - Wrist shot by Antoine Roussel.
17:16 of 2nd period - Shot Misses the Net.
17:28 of 2nd period - Snap shot by Alex Chiasson.
17:28 of 2nd period - Shot Blocked by Antoine Roussel.
17:30 of 2nd period - Backhand shot by Brian Lee.
17:30 of 2nd period - Stopped by Tuukka Rask without a rebound.
17:31 of 2nd period - John Tavares wins face-off versus James Wright in Blackhawks zone.
17:34 of 2nd period - Slapshot by Michael Grabner.
17:34 of 2nd period - Stopped by Tuukka Rask with a rebound.
18:17 of 2nd period - Slapshot by Nick Bonino.
18:17 of 2nd period - Stopped by Matt Murray without a rebound.
18:18 of 2nd period - Nick Bonino wins face-off versus John Tavares in Stars zone.
18:29 of 2nd period - Snap shot by Nick Bonino.
18:29 of 2nd period - Stopped by Matt Murray with a rebound.
18:45 of 2nd period - Raphael Diaz is hit by Tobias Rieder and loses puck.
19:26 of 2nd period - Scott Kosmachuck is hit by James Wright and loses puck.
19:33 of 2nd period - Slapshot by Anton Cederholm.
19:33 of 2nd period - Shot Misses the Net.
Goals for this period are 0 for Blackhawks vs 0 for Stars.
Shots for this period are 7 for Blackhawks vs 4 for Stars.
3rd period
0:01 of 3rd period - John Tavares wins face-off versus Jordan Staal in neutral zone.
0:13 of 3rd period - Wrist shot by Michael Grabner.
0:13 of 3rd period - Shot Misses the Net.
0:15 of 3rd period - Wrist shot by Guillaume Latendresse.
0:15 of 3rd period - Shot Misses the Net.
0:17 of 3rd period - Wrist shot by John Tavares.
0:17 of 3rd period - Stopped by Tuukka Rask without a rebound.
0:18 of 3rd period - Evgeny Grachev wins face-off versus Derek Roy in Blackhawks zone.
0:27 of 3rd period - Snap shot by Alex Chiasson.
0:27 of 3rd period - Shot Misses the Net.
0:29 of 3rd period - Slapshot by Andrew Ladd.
0:29 of 3rd period - Deflect By Alex Chiasson.
0:29 of 3rd period - Stopped by Tuukka Rask without a rebound.
0:30 of 3rd period - Jordan Staal wins face-off versus John Tavares in Blackhawks zone.
0:30 of 3rd period - Jordan Staal is hit by Guillaume Latendresse.
0:56 of 3rd period - Brian Lee is hit by Radko Gudas.
1:06 of 3rd period - Antoine Roussel is hit by Evgeny Grachev and loses puck.
1:24 of 3rd period - Slapshot by Derek Roy.
1:24 of 3rd period - Stopped by Matt Murray with a rebound.
1:28 of 3rd period - Wrist shot by Antoine Roussel.
1:28 of 3rd period - Goal by Antoine Roussel - Blackhawks : 1 - Stars : 2.
1:29 of 3rd period - Jordan Staal wins face-off versus John Tavares in neutral zone.
1:55 of 3rd period - Alex Chiasson is hit by Corey Perry and loses puck.
3:40 of 3rd period - Radko Gudas is hit by Anton Cederholm and loses puck.
3:49 of 3rd period - Radko Gudas is hit by Jonathan Drouin and loses puck.
4:06 of 3rd period - Slapshot by Jamie McBain.
4:06 of 3rd period - Stopped by Matt Murray without a rebound.
4:07 of 3rd period - John Tavares wins face-off versus James Wright in Stars zone.
4:12 of 3rd period - Snap shot by Brett Maclean.
4:12 of 3rd period - Shot Misses the Net.
4:34 of 3rd period - Jakob Silfverberg is hit by Evgeny Grachev and loses puck.
4:57 of 3rd period - Snap shot by Nick Bonino.
4:57 of 3rd period - Stopped by Matt Murray with a rebound.
4:59 of 3rd period - Wrist shot by Nick Bonino.
4:59 of 3rd period - Stopped by Matt Murray without a rebound.
5:00 of 3rd period - Derek Roy wins face-off versus John Tavares in Stars zone.
5:01 of 3rd period - Slapshot by Corey Perry.
5:01 of 3rd period - Shot Misses the Net.
5:40 of 3rd period - Snap shot by Evgeny Grachev.
5:40 of 3rd period - Goal by Evgeny Grachev - Blackhawks : 1 - Stars : 3.
5:41 of 3rd period - John Tavares wins face-off versus Jakob Silfverberg in neutral zone.
5:44 of 3rd period - Snap shot by Johnny Gaudreau.
5:44 of 3rd period - Shot Misses the Net.
5:46 of 3rd period - Snap shot by Jakob Silfverberg.
5:46 of 3rd period - Shot Misses the Net.
5:48 of 3rd period - Wrist shot by Jamie McBain.
5:48 of 3rd period - Shot Misses the Net.
5:50 of 3rd period - Snap shot by Jamie McBain.
5:50 of 3rd period - Shot Blocked by John Tavares.
6:08 of 3rd period - Alex Chiasson is hit by Corey Perry and loses puck.
6:51 of 3rd period - Icing by Johnny Gaudreau.
6:52 of 3rd period - Jonathan Drouin wins face-off versus Jordan Staal in Blackhawks zone.
7:29 of 3rd period - Wrist shot by John Tavares.
7:29 of 3rd period - Shot Blocked by Radko Gudas.
8:06 of 3rd period - Icing by Cory Emmerton.
8:07 of 3rd period - Jordan Staal wins face-off versus Cory Emmerton in Stars zone.
9:16 of 3rd period - Snap shot by Nick Bonino.
9:16 of 3rd period - Shot Misses the Net.
9:52 of 3rd period - Tobias Rieder is hit by Sean Zimmerman and loses puck.
10:03 of 3rd period - Cory Emmerton is hit by Sean Zimmerman.
10:27 of 3rd period - Backhand shot by Guillaume Latendresse.
10:27 of 3rd period - Shot Misses the Net.
10:29 of 3rd period - Slapshot by Paul Ladue.
10:29 of 3rd period - Stopped by Tuukka Rask without a rebound.
10:30 of 3rd period - Jordan Staal wins face-off versus John Tavares in Blackhawks zone.
10:50 of 3rd period - Snap shot by John Tavares.
10:50 of 3rd period - Stopped by Tuukka Rask with a rebound.
11:22 of 3rd period - Wrist shot by Michael Grabner.
11:22 of 3rd period - Deflect By Guillaume Latendresse.
11:22 of 3rd period - Shot Misses the Net.
11:22 of 3rd period - Puck is out of play.
11:23 of 3rd period - Evgeny Grachev wins face-off versus Jordan Staal in Blackhawks zone.
11:24 of 3rd period - Wrist shot by Alex Chiasson.
11:24 of 3rd period - Shot Blocked by Jakob Silfverberg.
11:26 of 3rd period - Snap shot by Evgeny Grachev.
11:26 of 3rd period - Stopped by Tuukka Rask with a rebound.
12:37 of 3rd period - Snap shot by Corey Perry.
12:37 of 3rd period - Stopped by Matt Murray with a rebound.
12:39 of 3rd period - Slapshot by Sean Zimmerman.
12:39 of 3rd period - Shot Blocked by Alex Chiasson.
12:41 of 3rd period - Slapshot by Derek Roy.
12:41 of 3rd period - Shot Misses the Net.
13:19 of 3rd period - Snap shot by Blake Wheeler.
13:19 of 3rd period - Shot Misses the Net.
13:40 of 3rd period - Minor Penalty to Nick Bonino for Hooking.
13:41 of 3rd period - Johnny Gaudreau wins face-off versus Guillaume Latendresse in Blackhawks zone.
13:41 of 3rd period - Johnny Gaudreau is hit by Brian Lee.
13:52 of 3rd period - Snap shot by Antoine Roussel.
13:52 of 3rd period - Goal by Antoine Roussel - Blackhawks : 2 - Stars : 3.
13:53 of 3rd period - Johnny Gaudreau wins face-off versus John Tavares in neutral zone.
14:04 of 3rd period - Snap shot by Guillaume Latendresse.
14:04 of 3rd period - Stopped by Tuukka Rask with a rebound.
14:06 of 3rd period - Slapshot by Boris Valabik.
14:06 of 3rd period - Shot Misses the Net.
15:40 of 3rd period - Penalty to Nick Bonino is over, Nick Bonino is back on ice.
15:53 of 3rd period - Anton Cederholm is hit by Derek Roy.
16:03 of 3rd period - Ben Harpur is hit by Jonathan Drouin and loses puck.
16:12 of 3rd period - Snap shot by Jonathan Drouin.
16:12 of 3rd period - Stopped by Tuukka Rask with a rebound.
16:44 of 3rd period - Wrist shot by James Wright.
16:44 of 3rd period - Shot Blocked by Anton Cederholm.
16:46 of 3rd period - Slapshot by Sean Zimmerman.
16:46 of 3rd period - Shot Blocked by Anton Cederholm.
16:48 of 3rd period - Snap shot by Blake Wheeler.
16:48 of 3rd period - Shot Blocked by Tyson Barrie.
16:58 of 3rd period - Andrew Ladd is hit by Antoine Roussel and loses puck.
17:55 of 3rd period - Snap shot by Boris Valabik.
17:55 of 3rd period - Deflect By Calvin de Haan.
17:55 of 3rd period - Stopped by Tuukka Rask with a rebound.
18:11 of 3rd period - Snap shot by Brian Lee.
18:11 of 3rd period - Shot Blocked by Ben Harpur.
18:49 of 3rd period - Radko Gudas is hit by Michael Grabner and loses puck.
19:17 of 3rd period - Blackhawks, Tuukka Rask is pulled from the net.
19:21 of 3rd period - Snap shot by Johnny Gaudreau.
19:21 of 3rd period - Stopped by Matt Murray with a rebound.
19:36 of 3rd period - Snap shot by Cam Atkinson.
19:36 of 3rd period - Goal by Cam Atkinson - Blackhawks : 2 - Stars : 4.
19:36 of 3rd period - Tuukka Rask from Blackhawks was sent back in the game.
19:37 of 3rd period - Jordan Staal wins face-off versus Andrew Ladd in neutral zone.
Goals for this period are 2 for Blackhawks vs 2 for Stars.
Shots for this period are 8 for Blackhawks vs 10 for Stars.
Output by the SimonT Hockey Simulator (STHS) for Francois Prevost